 Dungeon Crawl Stone Soup version 0.29-a0-817-g9904bce7a6 (webtiles) character file.

Game seed: 17620585676357810022

12791 blackman the Skirmisher (level 12, -3/89 HPs)
             Began as a Human Delver on July 5, 2022.
             Was a High Priest of Trog.
             Slain by Snorg (7 damage)
             ... on level 10 of the Dungeon.
             The game lasted 00:41:18 (18803 turns).

blackman the Skirmisher (Human Delver)             Turns: 18803, Time: 00:41:19

Health: -3/89      AC:  9    Str: 31    XL:     12   Next: 24%
Magic:  12/12      EV: 12    Int:  5    God:    Trog [*****.]
Gold:   478        SH:  0    Dex: 15    Spells: 11/11 levels left

rFire   . . .      SeeInvis .   a - +4 arbalest of Chagrin {penet, +Blink rPois Will- Str+4}
rCold   . . .      Faith    .   (shield currently unavailable)
rNeg    . . .      Spirit   .   C - +2 leather armour {Will+}
rPois   +          Reflect  .   G - +1 helmet "Ikirgh" {Harm Regen+ Str+6 Int-4}
rElec   .          Harm     +   M - scarf {+Inv}
rCorr   .          Rampage  .   (no gloves)
Will    .....                   (no boots)
Stlth   +++.......              (no amulet)
HPRegen 1.04/turn               (no ring)
MPRegen 0.13/turn               (no ring)

@: hasted, very quick
A: iridescent scales 1, robust 1, strong 1
a: Renounce Religion, Evoke Blink, Evoke Invisibility, Berserk, Trog's Hand,
Brothers in Arms


You were on level 10 of the Dungeon.
You worshipped Trog.
Trog was extremely pleased with you.
You visited 3 branches of the dungeon, and saw 12 of its levels.
You also visited: Bailey.

You collected 637 gold pieces.
You spent 159 gold pieces at shops.

Inventory:

Hand Weapons
 a - the +4 arbalest of Chagrin (weapon) {penet, +Blink rPois Will- Str+4}
   (You acquired it on level 7 of the Dungeon)

   Any ammunition fired by it passes through the targets it hits, potentially
   hitting all targets in its path until it reaches maximum range.
   Str:       It affects your strength (+4).
   rPois:     It protects you from poison.
   +Blink:    It lets you blink.
   Will:      It decreases your willpower.
 b - a +0 demon whip of freezing
 h - a +3 war axe
 D - a +2 rapier of draining
Missiles
 k - 4 throwing nets
 p - 12 boomerangs
 A - 5 atropa-tipped darts
 O - 2 curare-tipped darts
Armour
 t - a +1 helmet
 y - a +0 cloak
 C - a +2 leather armour of willpower (worn)
 G - the +1 helmet "Ikirgh" (worn) {Harm Regen+ Str+6 Int-4}
   (You found it on level 8 of the Dungeon)

   Str:       It affects your strength (+6).
   Int:       It affects your intelligence (-4).
   Regen:     It increases your rate of health regeneration.
   Harm:      It increases damage dealt and taken.
 M - a scarf of invisibility (worn)
Jewellery
 f - an amulet of magic regeneration
Wands
 g - a wand of digging (9)
 H - a wand of roots (7)
 I - a wand of mindburst (13)
 K - a wand of flame (8)
Scrolls
 c - 6 scrolls of fog
 d - a scroll of torment
 e - 2 scrolls of fear
 j - 3 scrolls of amnesia
 l - 2 scrolls of vulnerability
 m - 3 scrolls of enchant weapon
 q - 8 scrolls of teleportation
 r - a scroll of blinking {unknown}
 v - a scroll of magic mapping
 w - 2 scrolls of enchant armour
 E - a scroll of immolation
 J - a scroll of noise {unknown}
 Q - a scroll of poison {unknown}
Potions
 i - 4 potions of lignification
 n - 3 potions of curing
 o - 4 potions of might
 u - 5 potions of heal wounds
 x - a potion of cancellation
 z - a potion of magic
 B - 3 potions of mutation
 N - 2 potions of flight
 P - a potion of experience {unknown}
 R - a potion of degeneration
Miscellaneous
 F - a condenser vane
 L - a tin of tremorstones (inert)


   Skills:
 - Level 3.0 Fighting
 - Level 2.0 Axes
 - Level 14.1 Ranged Weapons
 - Level 2.0 Dodging
 - Level 5.0 Stealth
 * Level 12.3 Evocations


You had 11 spell levels left.
You didn't know any spells.
Your spell library was empty.

Dungeon Overview and Level Annotations

Branches:
Dungeon (10/15)            Temple (1/1) D:6            Lair (1/6) D:8
    Orc (0/2) D:10         Bailey (visited)

Altars:
Ashenzari
Cheibriados
Dithmenos
Elyvilon
Fedhas
Hepliaklqana
Kikubaaqudgha
Makhleb
Okawaru
Qazlal
Ru
Sif Muna
Trog
Uskayaw
Vehumet
Wu Jian
Xom
Yredelemnul
Zin

Shops:
D:1 [   D:3 !   D:7 (   D:8 =   D:10 !

Annotations:
D:10 Snorg


Innate Abilities, Weirdness & Mutations

You are partially covered in iridescent scales. (AC +2)
You are robust. (+10% HP)
Your muscles are strong. (Str +4, Int/Dex -1)


Message History

Snorg is nearby!
Snorg is nearby!
Snorg is nearby!
You shoot a bolt. The bolt closely misses Snorg.
Snorg shouts!
A flash of anger passes briefly over Snorg's face.
You shoot a bolt. The bolt closely misses Snorg.
You shoot a bolt. The bolt barely misses Snorg.
Snorg draws her long claws delicately across her gut.
You shoot a bolt. The bolt pierces through Snorg!!
Snorg is moderately wounded.
Snorg goes berserk!
Aiming: Fastroot
Press: ? - help, Shift-Dir - straight line, f/p - Snorg
Aim: Snorg (moderately wounded, berserk)
The roots erupt in riotous growth!
Roots grab Snorg.
The grasping roots constrict Snorg!
Snorg struggles to escape constriction.
The roots lose their grip on something.
You hear a shout!
Aiming: Fastroot
Press: ? - help, Shift-Dir - straight line, f/p - Snorg
Aim: Snorg (moderately wounded, berserk)
The roots erupt in riotous growth!
Roots grab Snorg.
The grasping roots constrict Snorg!
Snorg struggles to escape constriction.
The grasping roots constrict Snorg!
Snorg escapes!
Aiming: Fastroot
Press: ? - help, Shift-Dir - straight line, p - Snorg The roots erupt in riotous growth!
Roots grab Snorg.
The grasping roots constrict Snorg.
Snorg bites you!! Snorg claws you! x2
* * * LOW HITPOINT WARNING * * *
You feel yourself speed up.
The grasping roots constrict Snorg.
Snorg bites you.
* * * LOW HITPOINT WARNING * * *
Snorg claws you!
* * * LOW HITPOINT WARNING * * *
Snorg claws you.
You die...

...# ...# #..#
.... #..# #..#
#... #..### #..#
#... #.... #..#
#... #... #..#
#... #..# #..#
#... #..#
#..#####...
#...##@.#
#.........#
#.!..T..#
#.........#
#...##..#
#..####...# #...
#..# #..# #...#
#.T. #..# #..#
#...# #...
#..#####..# #...#
#... #.........#
#...# #...
#...#####.####...#
.... #...#
#........#


You could see Snorg (berserk, rooted).

Vanquished Creatures
  Gastronok (D:8)
  Harold (D:9)
  2 two-headed ogres
  Pikel (D:8)
  Joseph (D:8)
  2 trolls (D:9)
  Eustachio (D:4)
  A shadow (D:9)
  8 yaks (D:8)
  A vampire (D:10)
  5 wyverns (D:8)
  Grum (D:10)
  A wraith (D:8)
  4 steam dragons
  4 wargs (D:10)
  Menkaure (D:4)
  Edmund (D:5)
  An acid dragon (D:8)
  6 water moccasins
  Duvessa (D:4)
  A sky beast (D:7)
  6 orc warriors
  2 ice beasts
  3 black bears
  2 wolves
  2 ogres (D:5)
  A centaur (D:9)
  A phantom (D:5)
  3 lemures (D:8)
  A kobold brigand (D:8)
  Blork the orc (D:4)
  2 gnoll sergeants (D:9)
  3 bullfrogs
  4 scorpions
  4 wights
  Dowan (D:4)
  3 howler monkeys
  Crazy Yiuf (D:2)
  3 hounds
  5 orc priests
  3 gnoll boudas
  6 iguanas
  Ijyb (D:3)
  Natasha (thrice) (D:3)
  10 orc wizards
  Robin (D:3)
  31 gnolls
  9 adders
  2 shadow imps (D:6)
  3 white imps
  An ufetubus (D:5)
  A worm (D:2)
  2 dart slugs
  32 orcs
  7 ball pythons
  8 endoplasms
  3 giant cockroaches
  41 goblins
  28 hobgoblins
  2 jackals (D:2)
  20 kobolds
  3 quokkas
  3 training dummies (D:7)
  3 bats
  3 frilled lizards
  5 rats
324 creatures vanquished.

Vanquished Creatures (others)
  7 bushes (D:8)
  4 fungi
  20 plants
31 creatures vanquished.

Grand Total: 355 creatures vanquished

Notes
Turn   | Place    | Note
-------+----------+-------------------------------------------
     0 | D:5      | blackman the Human Delver began the quest for the Orb.
     0 | D:5      | Reached XP level 1. HP: 18/18 MP: 1/1
    10 | D:5      | Found a hide-covered altar of Uskayaw.
    10 | D:5      | Noticed an ogre
    24 | D:5      | Noticed a scorpion
   108 | D:5      | Reached skill level 1 in Evocations
   168 | D:5      | Noticed an iguana
   190 | D:5      | Noticed an iguana
   196 | D:5      | Killed an iguana
   197 | D:5      | Reached XP level 2. HP: 5/24 MP: 2/2
   197 | D:5      | Reached XP level 3. HP: 6/29 MP: 3/3
   562 | D:5      | Reached XP level 4. HP: 10/35 MP: 4/4
  1284 | D:4      | Reached XP level 5. HP: 22/41 MP: 5/5
  1698 | D:5      | Reached skill level 5 in Evocations
  1749 | D:5      | Noticed a black bear
  1926 | D:5      | Found a shimmering blue altar of Sif Muna.
  1941 | D:5      | Reached XP level 6. HP: 31/47 MP: 6/6
  2151 | D:5      | Found a shimmering altar of Xom.
  2552 | D:5      | Noticed an ogre
  3130 | D:6      | Noticed a water moccasin
  3136 | D:6      | Killed a water moccasin
  3137 | D:6      | Reached XP level 7. HP: 52/52 MP: 7/7
  3283 | D:6      | Noticed a steam dragon
  3289 | D:6      | Killed a steam dragon
  3851 | D:6      | Found a staircase to the Ecumenical Temple.
  3928 | Temple   | Entered the Ecumenical Temple
  4051 | Temple   | Became a worshipper of Trog the Wrathful
  4384 | D:5      | Noticed Edmund
  4404 | D:5      | Killed Edmund
  4405 | D:5      | Reached XP level 8. HP: 8/58 MP: 8/8
  5586 | D:4      | Noticed Eustachio
  5603 | D:4      | Killed Eustachio
  5906 | D:4      | Noticed Blork the orc
  6112 | D:3      | Noticed Ijyb
  6122 | D:3      | Killed Ijyb
  6337 | D:3      | Reached * piety under Trog
  6340 | D:3      | HP: 3/87 [orc/+0 club (2)]
  6961 | D:3      | Found a white marble altar of Elyvilon.
  6980 | D:3      | Found Xuluhep's Distillery.
  6999 | D:3      | Found a faded altar of an unknown god.
  7020 | D:3      | Noticed Robin
  7027 | D:3      | Killed Robin
  7028 | D:3      | Reached skill level 10 in Evocations
  7177 | D:3      | Noticed Natasha
  7179 | D:3      | Killed Natasha
  7561 | D:3      | Noticed Natasha
  7567 | D:3      | Killed Natasha
  8019 | D:2      | Found a runed translucent door.
  8020 | D:2      | Noticed Crazy Yiuf
  8101 | D:2      | Killed Crazy Yiuf
  8102 | D:2      | Reached skill level 1 in Ranged Weapons
  8102 | D:2      | Reached XP level 9. HP: 40/63 MP: 9/9
  8490 | D:2      | Reached skill level 2 in Ranged Weapons
  8930 | D:1      | Reached ** piety under Trog
  9191 | D:1      | Found Zealuf's Armour Shoppe.
  9632 | D:4      | Killed Blork the orc
  9633 | D:4      | Reached skill level 3 in Ranged Weapons
  9934 | D:4      | Noticed Duvessa
  9987 | D:3      | Noticed Natasha
  9989 | D:3      | HP: 3/63 [Natasha/puff of flame (6)]
  9990 | D:3      | Killed Natasha
 10548 | D:4      | Reached skill level 4 in Ranged Weapons
 10954 | D:4      | Noticed Dowan
 11288 | D:4      | Noticed Menkaure
 11297 | D:4      | Killed Menkaure
 11298 | D:4      | Reached skill level 5 in Ranged Weapons
 11525 | D:4      | Reached *** piety under Trog
 12530 | D:4      | Killed Duvessa
 12531 | D:4      | Reached skill level 6 in Ranged Weapons
 12532 | D:4      | Killed Dowan
 12986 | D:5      | Reached skill level 7 in Ranged Weapons
 13398 | D:7      | Reached XP level 10. HP: 22/70 MP: 10/10
 13401 | D:7      | Reached skill level 8 in Ranged Weapons
 13604 | D:7      | Found a flagged portal.
 13612 | Bailey   | Entered a bailey
 13633 | Bailey   | Noticed an orc warlord
 13919 | Bailey   | Reached skill level 9 in Ranged Weapons
 14277 | Bailey   | Found a runed translucent gate.
 14279 | Bailey   | Found a runed translucent gate.
 14281 | Bailey   | Found a runed translucent gate.
 14883 | Bailey   | Gained mutation: Your muscles are strong. (Str +4, Int/Dex
                  | -1) [potion of mutation]
 14883 | Bailey   | Gained mutation: You are partially covered in iridescent
                  | scales. (AC +2) [potion of mutation]
 14883 | Bailey   | Gained mutation: You are robust. (+10% HP) [potion of
                  | mutation]
 14933 | D:7      | Acquired the +4 arbalest of Chagrin {penet, +Blink rPois
                  | Will- Str+4}
 14958 | D:7      | Found Qovai's Firing Range.
 14969 | D:7      | Bought a throwing net for 39 gold pieces
 15429 | D:7      | Found a blossoming altar of Fedhas.
 15498 | D:8      | Noticed Joseph
 15507 | D:8      | Killed Joseph
 15508 | D:8      | Reached skill level 10 in Ranged Weapons
 15771 | D:8      | Noticed Gastronok
 15799 | D:8      | Killed Gastronok
 15800 | D:8      | Reached skill level 11 in Ranged Weapons
 15902 | D:8      | Reached XP level 11. HP: 62/82 MP: 11/11
 15996 | D:8      | Found Colis's Jewellery Emporium.
 16012 | D:8      | Noticed Pikel
 16023 | D:8      | Killed Pikel
 16024 | D:8      | Reached skill level 12 in Ranged Weapons
 16281 | D:8      | Reached **** piety under Trog
 16689 | D:8      | Reached skill level 13 in Ranged Weapons
 16823 | D:8      | Identified the +1 helmet "Ikirgh" {Harm Regen+ Str+6 Int-4}
 17037 | D:8      | Reached skill level 14 in Ranged Weapons
 17155 | D:8      | Found a staircase to the Lair.
 17471 | Lair:1   | Entered Level 1 of the Lair of Beasts
 17931 | D:9      | Noticed Harold
 18007 | D:9      | Killed Harold
 18010 | D:9      | Reached ***** piety under Trog
 18015 | D:9      | Noticed a two-headed ogre
 18020 | D:9      | Killed a two-headed ogre
 18022 | D:9      | Reached XP level 12. HP: 89/89 MP: 12/12
 18341 | D:10     | Entered Level 10 of the Dungeon
 18341 | D:10     | Noticed Grum
 18341 | D:10     | Found a staircase to the Orcish Mines.
 18342 | D:10     | Noticed Snorg
 18432 | D:10     | Killed Grum
 18448 | D:10     | Found Sifrest's Distillery.
 18455 | D:10     | Noticed a two-headed ogre
 18458 | D:10     | Killed a two-headed ogre
 18683 | D:10     | Bought a potion of haste for 120 gold pieces
 18803 | D:10     | HP: 4/89 [Snorg (20)]
 18803 | D:10     | Slain by Snorg

Illustrated notes

Levels and vault maps discovered:
D:1:      dpeg_arrival_lava_altar, layout_rooms, serial_shops,
          nicolae_shop_advertising_works [nicolae_subvault_shop_adworks]
D:2:      layout_basic, uniq_crazy_yiuf_cottage
D:3:      layout_basic, mainiacjoe_overflow_chevrons,
          shapermc_ecumenical_altar_acropolis, serial_shops, nicolae_shop_trees,
          grunt_ministairs_13, uniq_ijyb, uniq_natasha, uniq_robin
D:4:      minmay_goblin_kobold_castle, layout_loops_ring,
          nicolae_figureground_sparkle, uniq_menkaure, uniq_duvessa,
          uniq_blork_the_orc, uniq_eustachio
D:5:      layout_basic, grunt_temple_overflow_open, uniq_edmund
D:6:      layout_loops_ring, temple_doors_ab, serial_glass, glass_columns_a,
          glass_columns_c, feat_on_display, due_unseen_surprise,
          minmay_strange_pillars
D:7:      layout_rooms, fedhas_altar_1, enter_bailey_6, serial_corexii_hall,
          corexii_hall_statues_u, corexii_hall_statues_i, minmay_liquid_box,
          nicolae_shop_firing_range
D:8:      minmay_chambers_of_sixes, layout_basic, minmay_lair_entry_grove,
          serial_shops, nicolae_shop_trees, nicolae_kite_square_tiling_tiny,
          uniq_joseph, uniq_pikel, uniq_gastronok
D:9:      layout_basic, uniq_harold
D:10:     layout_long_grid, minmay_orc_entry_guard_dogs, serial_shops, shop,
          uniq_snorg, uniq_grum
Temple:   bh_familiar_temple
Lair:1:   layout_cave_pods, grunt_megastairs_4

Skill      XL: |  1  2  3  4  5  6  7  8  9 10 11 12 |
---------------+-------------------------------------+-----
Evocations     | 2 3 4 5 7 8 10 11 12 | 12.3
Ranged Weapons | 1 7 11 14 | 14.1
Fighting       | |  3.0
Axes           | |  2.0
Dodging        | |  2.0
Stealth        | |  5.0

Action                   |  1- 3 |  4- 6 |  7- 9 | 10-12 || total
-------------------------+-------+-------+-------+-------++-------
Melee: War axe           |    16 |    45 |   376 |       ||   437
       Punch             |       |       |     5 |       ||     5
       Rapier            |       |       |    65 |    62 ||   127
 Fire: Arbalest          |       |       |       |   244 ||   244
Throw: Dart              |       |       |     4 |     1 ||     5
Invok: Berserk           |       |       |     3 |     1 ||     4
       Trog's Hand       |       |       |     1 |       ||     1
 Abil: Evoke Blink       |       |       |       |     1 ||     1
Evoke: Wand              |       |     2 |    35 |    11 ||    48
       Condenser vane    |       |       |       |     1 ||     1
       Tin of tremorston |       |       |       |     2 ||     2
  Use: Scroll            |       |     1 |    11 |     5 ||    17
       Potion            |       |     1 |     6 |     6 ||    13
 Stab: Sleeping          |       |     7 |    17 |       ||    24
       Distracted        |       |       |     1 |       ||     1
       Invisible         |       |       |     1 |       ||     1
Armor: Leather armour    |     5 |     8 |   190 |    70 ||   273
       Skin              |       |       |    23 |       ||    23
Dodge: Dodged            |    23 |    37 |   393 |   110 ||   563

Table legend: (Time is in decaauts)
 A = Elapsed time spent in this place.
 B = Non-inter-level travel time spent in this place.
 C = Inter-level travel time spent in this place.
 D = Time resting spent in this place.
 E = Time spent auto-exploring this place.
 F = Levels seen in this place.
 G = Mean time per level.
                   A        B        C        D        E       F      G
               +--------+--------+--------+--------+--------+-----+--------+
         Total |  19091 |  18388 |    703 |   8684 |   6828 |  13 | 1468.5 |
       Dungeon |  17623 |  16963 |    660 |   7703 |   6686 |  10 | 1762.3 |
        Temple |    140 |    103 |     37 |      0 |    100 |   1 |  140.0 |
          Lair |      8 |      2 |      6 |      0 |      0 |   1 |    8.0 |
        Bailey |   1318 |   1318 |      0 |    981 |     42 |   1 | 1318.0 |
               +--------+--------+--------+--------+--------+-----+--------+

Top non-repeatable levels by time:
     D:4: 4074 daAuts
     D:5: 3790 daAuts
     D:3: 2126 daAuts
     D:8: 2052 daAuts
     D:6: 1430 daAuts
     D:2: 1340 daAuts
  Bailey: 1318 daAuts
     D:9: 906 daAuts
     D:7: 882 daAuts
     D:1: 610 daAuts
    D:10: 408 daAuts
  Temple: 140 daAuts
  Lair:1: 8 daAuts
